 Dungeon Sprint DCSS version 0.28.0-53-g5a82cb258f (webtiles) character file.

Game seed: 12902531537866066651

112 Zeld the Thaumaturge (level 4, -4/24 HPs)
             Began as a Deep Elf Conjurer on May 30, 2022.
             Was an Initiate of Sif Muna.
             Killed from afar by an oklob sapling priest (28 damage)
             ... with a splash of acid
             ... in the Dungeon (Sprint IV: "Fedhas' Mad Dash").
             The game lasted 00:01:19 (935 turns).

Zeld the Thaumaturge (Deep Elf Conjurer)             Turns: 935, Time: 00:01:19

Health: -4/24      AC:  2    Str:  4    XL:     4   Next: 64%
Magic:  0/16       EV: 12    Int: 25    God:    Sif Muna [......]
Gold:   87         SH:  0    Dex: 13    Spells: 6/20 levels left

rFire   . . .      SeeInvis .   (no weapon)
rCold   . . .      Faith    .   (no shield)
rNeg    . . .      Spirit   .   a - +0 robe
rPois   .          Reflect  .   (no helmet)
rElec   .          Harm     .   (no cloak)
rCorr   .          Rampage  .   (no gloves)
Will    .....      NoTele   +   (no boots)
Stlth   ++........              h - amulet of invisibility {+Inv}
HPRegen 0.08/turn               (no ring)
MPRegen 0.15/turn               (no ring)

@: very slightly contaminated
A: no striking features
a: Renounce Religion, Evoke Invisibility


You were in the Dungeon.
You worshipped Sif Muna.
Sif Muna was noncommittal.
You visited 1 branch You collected 87 gold pieces.

Inventory:

Armour
 a - a +0 robe (worn)
Jewellery
 h - the amulet of invisibility (around neck) {+Inv}
   (You found it in the Dungeon)

   [amulet of nothing]

   +Inv:      It lets you turn invisible.
Scrolls
 g - a scroll of blinking
Potions
 b - a potion of curing
 c - a potion of heal wounds
 d - a potion of haste
 e - 2 potions of magic
 f - a potion of berserk rage


   Skills:
 - Level 2.4 Dodging
 - Level 2.4 Stealth
 * Level 8.8 Spellcasting
 * Level 8.1 Conjurations
 - Level 2.0 Hexes
 - Level 2.0 Translocations


You had 6 spell levels left.
You knew the following spells:

 Your Spells              Type           Power      Damage    Failure   Level
a - Magic Dart            Conj           100%       1d8       1%          1
b - Searing Ray           Conj           100%       2d8       1%          2
c - Fulminant Prism       Conj/Hex       18%        3d11      7%          4
d - Iskenderun's Mystic   Conj/Tloc      36%        2d9       7%          4
z - Dazzling Flash        Conj/Hex       72%        N/A       1%          3

Your spell library contained the following spells:

 Spells                   Type           Power      Damage    Failure   Level


Dungeon Overview and Level Annotations

Branches:
Dungeon (1/1)

Altars:
Cheibriados
Dithmenos
Elyvilon
Gozag
Hepliaklqana
Kikubaaqudgha
Makhleb
Nemelex Xobeh
Okawaru
Qazlal
Ru
Sif Muna
Trog
Uskayaw
Vehumet
Wu Jian
Xom
Yredelemnul
Zin
The Shining One
Beogh
Jiyva
Lugonu

Annotations:
D exclusion: oklob sapling


Message History

The spell is extremely dangerous to miscast (7% risk of failure)!
Continue anyway?
Aiming: Fulminant Prism (extremely dangerous; 7% risk of failure)
Press: ? - help, Dir - move target, p - oklob sapling priest You conjure a prism of explosive energy!
A fulminant prism comes into view.
Unknown command.
Your fulminant prism crackles loudly.
You flicker for a moment.
Your fulminant prism explodes!
The blast of energy engulfs the oklob sapling priest!
The oklob sapling priest is almost destroyed.
Casting: Fulminant Prism (extremely dangerous; 7% risk of failure)
Confirm with . or Enter, or press ? or * to list all spells.
Aiming: Magic Dart (safe; 1% risk of failure)
Press: ? - help, Shift-Dir - straight line, f - oklob sapling priest
Aim: an oklob sapling priest (almost destroyed, unaware, hasn't noticed you, 100% to hit)
The magic dart hits the oklob sapling priest but does no damage.
The oklob sapling priest is almost destroyed.
Unknown command.
Casting: Magic Dart (safe; 1% risk of failure)
Confirm with . or Enter, or press ? or * to list all spells.
Aiming: Magic Dart (safe; 1% risk of failure)
Press: ? - help, Shift-Dir - straight line, f/p - oklob sapling priest
Aim: an oklob sapling priest (almost destroyed, unaware, hasn't noticed you, 100% to hit)
The magic dart hits the oklob sapling priest but does no damage.
The oklob sapling priest is almost destroyed.
Unknown command.
Casting: Magic Dart (safe; 1% risk of failure)
Confirm with . or Enter, or press ? or * to list all spells.
Aiming: Magic Dart (safe; 1% risk of failure)
Press: ? - help, Shift-Dir - straight line, f/p - oklob sapling priest
Aim: an oklob sapling priest (almost destroyed, unaware, hasn't noticed you, 100% to hit)
The magic dart hits the oklob sapling priest but does no damage.
The oklob sapling priest is almost destroyed.
Unknown command.
You flicker back into view.
The oklob sapling priest spits acid at you.
The splash of acid hits you!!
Ouch! That really hurt!
You die...

###########################
..#.....#.....#.⌠._._._._.⌠
..'.....'.#[..'.._._._._._.
P.#.....#.#...#.@._._P_._..
############'##.._._._._._.
+...#._._._._._.⌠
#...############# #####


You could see an oklob sapling priest.

Vanquished Creatures
  A scorpion (D)
  2 oklob saplings (D)
  A river rat (D)
  A rat (D)
5 creatures vanquished.

Vanquished Creatures (others)
  2 fulminant prisms (D)
  4 fungi (D)
6 creatures vanquished.

Grand Total: 11 creatures vanquished

Notes
Turn   | Place    | Note
-------+----------+-------------------------------------------
     0 | D        | Zeld the Deep Elf Conjurer began the quest for the Orb.
     0 | D        | Reached XP level 1. HP: 10/10 MP: 6/6
   133 | D        | Reached skill level 5 in Conjurations
   133 | D        | Reached skill level 1 in Hexes
   133 | D        | Reached skill level 1 in Translocations
   133 | D        | Reached XP level 2. HP: 15/15 MP: 0/9
   142 | D        | Learned a level 2 spell: Searing Ray
   390 | D        | Noticed a scorpion
   396 | D        | Killed a scorpion
   397 | D        | Reached XP level 3. HP: 19/19 MP: 5/13
   401 | D        | Learned a level 3 spell: Dazzling Flash
   657 | D        | Noticed an oklob sapling
   659 | D        | Killed an oklob sapling
   660 | D        | Reached XP level 4. HP: 24/24 MP: 11/16
   797 | D        | Found the amulet of invisibility {+Inv}
   818 | D        | Found an opulent altar of Gozag.
   818 | D        | Found a hazy altar of Hepliaklqana.
   818 | D        | Found a burning altar of Makhleb.
   818 | D        | Found a sparkling altar of Nemelex Xobeh.
   818 | D        | Found a snail-covered altar of Cheibriados.
   818 | D        | Found a sacrificial altar of Ru.
   818 | D        | Found a shimmering blue altar of Sif Muna.
   818 | D        | Found a shimmering altar of Xom.
   818 | D        | Found a basalt altar of Yredelemnul.
   824 | D        | Learned a level 4 spell: Fulminant Prism
   829 | D        | Learned a level 4 spell: Iskenderun's Mystic Blast
   831 | D        | Found a viscous altar of Jiyva.
   831 | D        | Found a bloodstained altar of Trog.
   831 | D        | Found an ornate altar of the Wu Jian Council.
   832 | D        | Found an iron altar of Okawaru.
   832 | D        | Found a shadowy altar of Dithmenos.
   832 | D        | Found a glowing silver altar of Zin.
   833 | D        | Found an ancient bone altar of Kikubaaqudgha.
   833 | D        | Found a hide-covered altar of Uskayaw.
   834 | D        | Found a stormy altar of Qazlal.
   834 | D        | Found a glowing golden altar of the Shining One.
   834 | D        | Found a white marble altar of Elyvilon.
   835 | D        | Found a radiant altar of Vehumet.
   835 | D        | Found a corrupted altar of Lugonu.
   837 | D        | Became a worshipper of Sif Muna the Loreminder
   935 | D        | Killed from afar by an oklob sapling priest

Illustrated notes

Levels and vault maps discovered:
D:        dungeon_sprint_fedhas [sprint_temple]

Skill      XL: |  1  2  3  4 |
---------------+-------------+-----
Spellcasting   | 4 7 8 |  8.8
Conjurations   | 5 6 7 8 |  8.1
Hexes          | 1 2 |  2.0
Translocations | 1 2 |  2.0
Dodging        | |  2.4
Stealth        | |  2.4

Action                   |  1- 3 |  4- 6 || total
-------------------------+-------+-------++-------
Melee: Unarmed           |    14 |       ||    14
 Cast: Magic Dart        |     7 |     3 ||    10
       Searing Ray       |     2 |     2 ||     4
       Fulminant Prism   |       |     2 ||     2
 Abil: Evoke Invisibilit |       |     3 ||     3
Armor: Robe              |     2 |       ||     2
Dodge: Dodged            |     4 |       ||     4
